 Dungeon Crawl Stone Soup version 0.28.0-53-g5a82cb258f (webtiles) character file.

Game seed: 15129233566965815635

1876 HorribleHannah the Basher (level 8, -1/71 HPs)
             Began as a Minotaur Berserker on July 18, 2022.
             Was a Priest of Trog.
             Slain by a kobold brigand
             ... wielding a +0 war axe
              (12 damage)
             ... in a bailey.
             The game lasted 00:41:22 (6902 turns).

HorribleHannah the Basher (Minotaur Berserker)      Turns: 6902, Time: 00:41:23

Health: -1/71      AC: 14    Str: 25    XL:     8   Next: 91%
Magic:  7/7        EV:  9    Int:  4    God:    Trog [***...]
Gold:   549        SH:  0    Dex:  9    Spells: 7/7 levels left

rFire   . . .      SeeInvis .   a - +0 mace (chaos)
rCold   + . .      Faith    .   (no shield)
rNeg    . . .      Spirit   .   x - +1 chain mail {rF+}
rPois   .          Reflect  .   (helmet restricted)
rElec   +          Harm     .   m - +0 cloak
rCorr   +          Rampage  .   n - +2 pair of gloves
Will    ++...                   (no boots)
Stlth   ..........              u - amulet of the acrobat
HPRegen 0.21/turn               j - ring of resist corrosion
MPRegen 0.10/turn               y - ring of Sarghor {Ice rElec Will++ rCorr Stlth-}

@: on berserk cooldown, slowed, very slow
A: horns 2, retaliatory headbutt
a: Renounce Religion, Berserk, Trog's Hand


You were in a bailey.
You worshipped Trog.
Trog was most pleased with you.
You visited 1 branch of the dungeon, and saw 7 of its levels.
You also visited: Bailey.

You collected 763 gold pieces.
You spent 214 gold pieces at shops.

Inventory:

Hand Weapons
 a - a +0 mace of chaos (weapon)
 b - a +0 shortbow
Missiles
 d - 25 sling bullets
 e - 45 arrows
 f - 118 stones
 h - 41 bolts
 k - 18 poisoned darts
 p - 24 boomerangs (quivered)
Armour
 m - a +0 cloak (worn)
 n - a +2 pair of gloves (worn)
 t - a +0 scale mail
 x - a +1 chain mail of fire resistance (worn)
Jewellery
 j - a ring of resist corrosion (left hand)
 o - a ring of fire
 u - an amulet of the acrobat (around neck)
 y - the ring of Sarghor (right hand) {Ice rElec Will++ rCorr Stlth-}
   (You found it on level 6 of the Dungeon)

   [ring of ice]

   It enhances your ice magic.
   rF:        It makes you vulnerable to fire.
   rC:        It protects you from cold.
   rElec:     It insulates you from electricity.
   rCorr:     It protects you from acid and corrosion.
   Will:      It greatly increases your willpower.
   Stlth:     It makes you less stealthy.
Wands
 s - a wand of polymorph (2)
Scrolls
 i - 8 scrolls of identify
 r - 2 scrolls of teleportation
Potions
 c - 3 potions of resistance
 g - 2 potions of attraction
 l - a potion of ambrosia
 q - 2 potions of heal wounds
 v - a potion of curing {unknown}


   Skills:
 + Level 6.8 Fighting
 + Level 8.4 Maces & Flails
 * Level 4.7 Bows
 + Level 4.0 Throwing
 + Level 4.3 Armour
 + Level 4.5 Dodging
 + Level 2.2 Stealth
 + Level 0.2 Evocations


You had 7 spell levels left.
You didn't know any spells.
Your spell library was empty.

Dungeon Overview and Level Annotations

Branches:
Dungeon (7/15)             Temple (0/1) D:4          Bailey (1/1)

Altars:
Ashenzari
Gozag
Hepliaklqana
Kikubaaqudgha
Nemelex Xobeh
Sif Muna
Trog
Yredelemnul
The Shining One

Shops:
D:3 (   D:6 *


Innate Abilities, Weirdness & Mutations

You have a pair of horns on your head.
You reflexively headbutt those who attack you in melee.


Message History

The orc warrior hits you with a +0 war axe!
You bludgeon the orc warrior!! You burn the orc warrior.
The orc warrior is severely wounded.
The kobold brigand hits you with a +0 war axe!
* * * LOW HITPOINT WARNING * * *
The kobold brigand closely misses you. The orc warrior barely misses you.
You furiously retaliate!
You headbutt the orc warrior, but do no damage.
You hit the orc warrior. Your headbutt misses the orc warrior.
The orc warrior is almost dead.
The kobold brigand hits you with a +0 war axe.
* * * LOW HITPOINT WARNING * * *
The kobold brigand barely misses you.
You hit the orc warrior.
You kill the orc warrior!
Trog accepts your kill.
You are too berserk!
Unknown command.
The kobold brigand completely misses you.
There is an open gate, spattered with blood here.
Things that are here:
a +0 war axe; a +0 chain mail; an orc corpse You feel a strong urge to attack something.
You are no longer berserk.
You are exhausted.
You feel yourself slow down.
The kobold brigand completely misses you.
You furiously retaliate!
You headbutt the kobold brigand!
There are monsters nearby!
A kobold brigand comes into view.
It is wielding a +0 war axe and quivering curare-tipped darts.
An orc warrior comes into view. It is wielding a +0 war axe.
You closely miss the kobold brigand.
The kobold brigand is lightly wounded.
The kobold brigand shouts!
The orc warrior shouts!
You hear a shout!
The kobold brigand closely misses you.
The kobold brigand hits you with a +0 war axe.
* * * LOW HITPOINT WARNING * * *
The kobold brigand barely misses you.
The kobold brigand hits you with a +0 war axe!
You die...

.... .K.. .... .o.
###'### ##..(..##
#...8...# #∩(@..(∩#
##.KK..##
####))'####
#≈....)..≈##
#≈≈.......≈≈#####
...≈≈.......≈≈....#
###≈≈.......≈≈###.#
..≈≈.......≈≈....#
###≈≈.......≈≈###.#


You could see an orc warrior and 3 kobold brigands.

Vanquished Creatures
  Menkaure (D:7)
  A warg (Bailey)
  2 orc warriors (Bailey)
  An ogre (D:4)
  A centaur (D:5)
  3 kobold brigands (Bailey)
  Blork the orc (D:5)
  A bullfrog (D:6)
  A scorpion (D:5)
  2 water moccasin skeletons
  2 centaur zombies
  An orc priest (D:6)
  A bullfrog skeleton (D:5)
  Crazy Yiuf (D:2)
  2 hounds (D:6)
  Terence (D:2)
  Natasha (thrice) (D:2)
  3 iguanas
  2 orc wizards
  A killer bee zombie (D:6)
  A hound zombie (D:3)
  A hound skeleton (D:5)
  4 gnolls
  9 adders
  A howler monkey skeleton (D:5)
  2 white imps (D:6)
  An adder skeleton (D:4)
  3 worms
  4 dart slugs
  7 orcs
  A bat zombie (D:6)
  9 endoplasms
  7 giant cockroaches
  10 goblins
  6 hobgoblins
  3 jackals (D:5)
  14 kobolds
  A quokka (D:2)
  4 ball pythons
  2 bats
  3 frilled lizards
  3 rats
  5 rat zombies (D:6)
132 creatures vanquished.

Vanquished Creatures (others)
  A water moccasin skeleton (D:4)
1 creature vanquished.

Grand Total: 133 creatures vanquished

Notes
Turn   | Place    | Note
-------+----------+-------------------------------------------
     0 | D:1      | HorribleHannah the Minotaur Berserker began the quest for
                  | the Orb.
     0 | D:1      | Reached XP level 1. HP: 19/19 MP: 0/0
   247 | D:1      | Reached XP level 2. HP: 24/27 MP: 1/1
   627 | D:1      | Reached skill level 4 in Maces & Flails
   671 | D:2      | Reached XP level 3. HP: 34/34 MP: 2/2
   740 | D:2      | Reached ** piety under Trog
   965 | D:2      | Noticed Terence
   975 | D:2      | Killed Terence
  1095 | D:2      | Noticed Natasha
  1102 | D:2      | Killed Natasha
  1103 | D:2      | Reached XP level 4. HP: 37/41 MP: 3/3
  1246 | D:2      | Found a runed translucent door.
  1247 | D:2      | Noticed Crazy Yiuf
  1332 | D:2      | Reached skill level 5 in Maces & Flails
  1497 | D:2      | Noticed Natasha
  1504 | D:2      | Killed Natasha
  1505 | D:2      | Reached XP level 5. HP: 41/47 MP: 4/4
  1600 | D:2      | Noticed Natasha
  1608 | D:2      | Killed Natasha
  1609 | D:2      | Reached skill level 1 in Throwing
  1801 | D:2      | Killed Crazy Yiuf
  1802 | D:2      | Reached skill level 5 in Fighting
  2523 | D:3      | Found a sparkling altar of Nemelex Xobeh.
  2628 | D:3      | Found a hazy altar of Hepliaklqana.
  3180 | D:3      | Found Hutacik's Weapon Shop.
  3391 | D:4      | Noticed an ogre
  3398 | D:4      | Killed an ogre
  3399 | D:4      | Reached XP level 6. HP: 56/56 MP: 5/5
  3421 | D:4      | Reached skill level 6 in Maces & Flails
  3421 | D:4      | Reached skill level 1 in Stealth
  3593 | D:4      | Found a glowing golden altar of the Shining One.
  3595 | D:4      | Found an opulent altar of Gozag.
  3716 | D:4      | Found a staircase to the Ecumenical Temple.
  4044 | D:4      | Found a bloodstained altar of Trog.
  4046 | D:4      | Found a broken altar of Ashenzari.
  4294 | D:5      | Entered Level 5 of the Dungeon
  4381 | D:5      | Reached XP level 7. HP: 60/61 MP: 6/6
  4597 | D:5      | Reached *** piety under Trog
  4742 | D:5      | Reached skill level 1 in Bows
  4926 | D:5      | Found a shimmering blue altar of Sif Muna.
  4926 | D:5      | Found a basalt altar of Yredelemnul.
  4943 | D:5      | Noticed Blork the orc
  4950 | D:5      | Killed Blork the orc
  4951 | D:5      | Reached skill level 7 in Maces & Flails
  5591 | D:6      | Reached XP level 8. HP: 70/70 MP: 7/7
  5855 | D:6      | Found Biekkuix's Fire Supplies.
  5864 | D:6      | Bought a +1 chain mail of fire resistance for 214 gold
                  | pieces
  5880 | D:6      | Identified the ring of Sarghor {Ice rElec Will++ rCorr
                  | Stlth-}
  6018 | D:6      | Found an ancient bone altar of Kikubaaqudgha.
  6384 | D:7      | Found a flagged portal.
  6387 | D:7      | Noticed Menkaure
  6408 | D:7      | Killed Menkaure
  6567 | Bailey   | Entered a bailey
  6610 | Bailey   | Reached skill level 8 in Maces & Flails
  6762 | Bailey   | Identified the +10 long sword of Ascent {vorpal, rF+ Int+4}
  6902 | Bailey   | Slain by a kobold brigand

Illustrated notes

Levels and vault maps discovered:
D:1:      lightli_arrival_noodles, layout_basic, corexii_leaking_fountain
D:2:      layout_rooms, minmay_crystal_room, uniq_terence, uniq_natasha,
          uniq_crazy_yiuf_cottage
D:3:      layout_basic, general_overflow_altar, nicolae_overflow_crystal_walls,
          serial_shops, nicolae_shop_stone, st_stairs_6, minmay_hedge_maze
D:4:      cheibrodos_quashed, layout_gridville, jmf_multi_god_temple,
          nicolae_overflow_hidden_temple, minmay_temple_entry_overgrown
D:5:      layout_basic, gammafunk_temple_overflow_elements, uniq_blork_the_orc
D:6:      layout_rooms, lemuel_zombie_altar_kikubaaqudgha,
          nicolae_shop_fire_sale [nicolae_sub_dead_trees]
D:7:      layout_basic, enter_bailey_5, minmay_bent, uniq_menkaure,
          uniq_prince_ribbit1
Bailey:   bailey_axe_3, bailey

Skill      XL: |  1  2  3  4  5  6  7  8 |
---------------+-------------------------+-----
Fighting       | 4 5 6 |  6.8
Maces & Flails | 4 5 6 7 8 |  8.4
Dodging        | 3 4 |  4.5
Throwing       | 2 3 4 |  4.0
Stealth        | 1 2 |  2.2
Bows           | 2 4 |  4.7
Armour         | 3 4 |  4.3
Evocations     | |  0.2

Action                   |  1- 3 |  4- 6 |  7- 9 || total
-------------------------+-------+-------+-------++-------
Melee: Mace              |    67 |    97 |   135 ||   299
       Headbutt          |     8 |    15 |    23 ||    46
       Punch             |       |     1 |     1 ||     2
 Fire: Shortbow          |       |       |    22 ||    22
Throw: Boomerang         |     9 |     7 |    18 ||    34
       Stone             |       |    51 |       ||    51
       Dart              |       |       |     2 ||     2
Invok: Berserk           |     1 |     3 |     5 ||     9
Evoke: Wand              |       |       |     4 ||     4
  Use: Scroll            |       |     9 |     4 ||    13
       Potion            |       |       |     1 ||     1
 Stab: Sleeping          |       |     1 |       ||     1
       Distracted        |       |     1 |       ||     1
       Petrified         |       |       |     3 ||     3
Armor: Animal skin       |    10 |    21 |     6 ||    37
       Scale mail        |       |       |    19 ||    19
       Chain mail        |       |       |    56 ||    56
Dodge: Dodged            |    52 |    55 |   116 ||   223
